 Dungeon Crawl Stone Soup version 0.29-a0-902-g0f71de6fce (webtiles) character file.

Game seed: 5886563689496057443

1437 Malachi the Gusty (level 8, -9/52 HPs)
             Began as a Demonspawn Air Elementalist on July 24, 2022.
             Killed from afar by a gargoyle (15 damage)
             ... with a stone arrow
             ... on level 6 of the Dungeon.
             The game lasted 00:12:51 (9286 turns).

Malachi the Gusty (Demonspawn Air Elementalist)     Turns: 9286, Time: 00:12:51

Health: -9/52      AC:  7    Str:  8    XL:     8   Next: 45%
Magic:  11/18      EV: 12    Int: 19    God:
Gold:   265        SH:  4    Dex: 18    Spells: 8/21 levels left

rFire   . . .      SeeInvis +   y - +4 rapier of Abomination {vorpal, Drain Dex+4 SInv Stlth+}
rCold   . . .      Faith    .   A - +0 buckler
rNeg    . . .      Spirit   .   E - +2 robe {Will+}
rPois   .          Reflect  .   (helmet restricted)
rElec   .          Harm     .   (no cloak)
rCorr   .          Rampage  .   j - +0 pair of gloves
Will    +....                   (no boots)
Stlth   +++.......              (no amulet)
HPRegen 0.17/turn               (no ring)
MPRegen 0.16/turn               (no ring)

@: hasted, very quick
A: antennae 2, powered by pain 1, sharp scales 2
a: no special abilities


You were on level 6 of the Dungeon.
You visited 2 branches of the dungeon, and saw 8 of its levels.
You also visited: Sewer.

You collected 454 gold pieces.
You spent 189 gold pieces at shops.

Inventory:

Hand Weapons
 y - the +4 rapier of Abomination (weapon) {vorpal, Drain Dex+4 SInv Stlth+}
   (You bought it in a shop on level 5 of the Dungeon)

   It inflicts extra damage upon your enemies.
   Dex:       It affects your dexterity (+4).
   SInv:      It lets you see invisible.
   Drain:     It drains your maximum health when unequipped.
   Stlth:     It makes you more stealthy.
Armour
 j - a +0 pair of gloves (worn)
 A - a +0 buckler (worn)
 E - a +2 robe of willpower (worn)
Wands
 v - a wand of charming (6)
Scrolls
 g - 3 scrolls of enchant weapon
 k - a scroll of magic mapping
 l - 3 scrolls of torment
 o - 3 scrolls of poison {unknown}
 q - a scroll of amnesia {unknown}
 s - 2 scrolls of blinking {unknown}
 t - a scroll of immolation {unknown}
 w - 4 scrolls of vulnerability {unknown}
 x - a scroll of summoning {unknown}
 B - 3 scrolls of teleportation {unknown}
Potions
 a - a potion of invisibility {unknown}
 b - 2 potions of magic
 c - a potion of attraction {unknown}
 d - a potion of haste
 h - 2 potions of berserk rage {unknown}
 i - 2 potions of resistance {unknown}
 m - a potion of curing {unknown}
 p - 2 potions of brilliance {unknown}
 r - 3 potions of flight
 u - 3 potions of degeneration
 z - a potion of heal wounds {unknown}
 C - a potion of mutation
 D - a potion of might {unknown}


   Skills:
 - Level 1.8 Dodging
 - Level 1.8 Stealth
 + Level 7.0 Spellcasting
 - Level 1.0 Conjurations
 + Level 7.3 Air Magic


You had 8 spell levels left.
You knew the following spells:

 Your Spells              Type           Power      Damage    Failure   Level
a - Shock                 Conj/Air       88%        1d8       2%          1
b - Static Discharge      Conj/Air       22%        3-6/arc   3%          2
c - Swiftness             Air            34%        N/A       1%          3
d - Airstrike             Air            17%        0-6+      7%          4
e - Mephitic Cloud        Conj/Pois/Air  17%        N/A       13%         3

Your spell library contained the following spells:

 Spells                   Type           Power      Damage    Failure   Level
 Magic Dart               Conj           40%        1d5       9%          1
 Call Imp                 Summ           6%         N/A       21%         2
 Call Canine Familiar     Summ           6%         N/A       38%         3
 Ignite Poison            Fire/Tmut/Pois 6%         N/A       38%         3
 Portal Projectile        Hex/Tloc       12%        N/A       38%         3
 Tukima's Dance           Hex            6%         N/A       38%         3
 Freezing Cloud           Conj/Ice/Air   8%         6-21      77%         5
 Leda's Liquefaction      Hex/Erth       3%         N/A       80%         4
 Blade Hands              Tmut           3%         N/A       98%         5


Dungeon Overview and Level Annotations

Branches:
Dungeon (7/15)             Temple (1/1) D:4           Sewer (visited)

Altars:
Ashenzari
Dithmenos
Gozag
Hepliaklqana
Makhleb
Okawaru
Qazlal
Ru
Sif Muna
Trog
Uskayaw
Vehumet
Wu Jian
Xom

Shops:
D:5 (


Innate Abilities, Weirdness & Mutations

You have a pair of antennae on your head.
You sometimes gain a little power by taking damage.
You are mostly covered in razor-sharp scales. (AC +2, Slay +2)


Message History

Okay, then.
You climb upwards.
There is a stone staircase leading down here.
Unknown command.
You climb downwards.
You block the orc's attack. The orc barely misses you.
The gargoyle hits you with a +0 mace!
There is a stone staircase leading up, spattered with blood here.
Unknown command.
The orc priest looks encouraged for a moment.
The orc hits you with a +0 mace! You block the gargoyle's attack.
You climb upwards.
There is a stone staircase leading down here.
Unknown command.
The gargoyle attacks as you move away! The gargoyle barely misses you.
The orc attacks as you move away! The orc barely misses you.
The gargoyle attacks as you move away! The gargoyle hits you with a +0 mace!
Casting: Static Discharge (safe; 3% risk of failure)
Confirm with . or Enter, or press ? or * to list all spells.
Aiming: Airstrike (dangerous; 7% risk of failure)
Press: ? - help, Dir - move target, f - gargoyle
Aim: a gargoyle, wielding a +0 mace (empty space bonus: 6/8)
The air twists around and strikes the gargoyle but does no damage.
The gargoyle hits you with a +0 mace!
* * * LOW HITPOINT WARNING * * *
The orc hits you with a +0 mace.
* * * LOW HITPOINT WARNING * * *
Okay, then.
It was a potion of haste.
You feel yourself speed up. The gargoyle barely misses you.
The orc hits you with a +0 mace.
* * * LOW HITPOINT WARNING * * *
Casting: Airstrike (dangerous; 7% risk of failure)
Confirm with . or Enter, or press ? or * to list all spells.
Aiming: Airstrike (dangerous; 7% risk of failure)
Press: ? - help, Dir - move target, f - orc, p - gargoyle
Aim: an orc, wielding a +0 mace and wearing a +0 leather armour (empty space bonus: 8/8)
The air twists around and strikes the orc!!
You kill the orc!
The gargoyle hurls a stone arrow at you.
The stone arrow hits you!
You die...

##..##.......>.#...###......
####..##..............#.......
#..#..............((..........
####.......................###...
##.........................####..
...................9.....#..##...
.................).......##.).[..
......................#..##.)<...
................@##..##..........
#................................
#...............##..##...........
#..>..#.................##.......
#..##.#........#..##...###.......
#....##........#####..###........
##.........##..#####.............
###.........#............##.....
#....##8..8###.#.......##..##.


You could see a gargoyle.

Vanquished Creatures
  Grinder (D:6)
  Eustachio (D:6)
  Menkaure (D:7)
  A phantom (D:5)
  A kobold brigand (D:6)
  Blork the orc (D:6)
  4 scorpions
  2 hounds (D:6)
  A jelly (D:6)
  2 iguanas
  2 orc wizards (D:6)
  11 adders
  7 river rats
  A shadow imp (D:7)
  3 worms
  4 dart slugs
  7 orcs (D:6)
  7 endoplasms
  3 giant cockroaches
  6 hobgoblins
  13 jackals
  7 quokkas
  15 ball pythons
  5 bats
  2 frilled lizards
  3 goblins
  8 kobolds
  3 rats
122 creatures vanquished.

Vanquished Creatures (collateral kills)
  A water moccasin (D:6)
1 creature vanquished.

Grand Total: 123 creatures vanquished

Notes
Turn   | Place    | Note
-------+----------+-------------------------------------------
     0 | D:1      | Malachi the Demonspawn Air Elementalist began the quest for
                  | the Orb.
     0 | D:1      | Reached XP level 1. HP: 13/13 MP: 3/3
   387 | D:1      | Gained mutation: You have a pair of small antennae on your
                  | head. [demonic ancestry]
   387 | D:1      | Reached XP level 2. HP: 8/19 MP: 1/5
  1192 | D:1      | Found a faded altar of an unknown god.
  1554 | D:2      | Learned a level 2 spell: Static Discharge
  1689 | D:2      | Reached XP level 3. HP: 9/24 MP: 0/7
  2987 | D:3      | Found a hide-covered altar of Uskayaw.
  3337 | D:4      | Gained mutation: You sometimes gain a little power by
                  | taking damage. [demonic ancestry]
  3337 | D:4      | Reached XP level 4. HP: 19/30 MP: 0/8
  3984 | D:4      | Noticed a scorpion
  3992 | D:4      | Killed a scorpion
  3993 | D:4      | Gained mutation: You are partially covered in razor-sharp
                  | scales. (AC +1, Slay +1) [demonic ancestry]
  3993 | D:4      | Reached XP level 5. HP: 14/35 MP: 0/10
  4370 | D:4      | Learned a level 3 spell: Swiftness
  4772 | D:4      | Found a staircase to the Ecumenical Temple.
  4885 | D:5      | Entered Level 5 of the Dungeon
  5048 | D:5      | Noticed a phantom
  5072 | D:5      | Killed a phantom
  5073 | D:5      | Reached XP level 6. HP: 9/41 MP: 2/12
  5524 | D:5      | Found Degetys's Antique Weapon Boutique.
  5532 | D:5      | Bought a dazzling rapier for 189 gold pieces
  5532 | D:5      | Identified the +4 rapier of Abomination {vorpal, Drain
                  | Dex+4 SInv Stlth+} (You bought it in a shop on level 5 of
                  | the Dungeon)
  5636 | D:5      | Reached skill level 5 in Air Magic
  5899 | D:5      | Learned a level 4 spell: Airstrike
  6568 | D:6      | Found a shadowy altar of Dithmenos.
  6653 | D:6      | Reached skill level 5 in Spellcasting
  6658 | D:6      | Noticed Blork the orc
  6660 | D:6      | Noticed a water moccasin
  6682 | D:6      | Killed a water moccasin
  6683 | D:6      | Gained mutation: You have a pair of antennae on your head.
                  | [demonic ancestry]
  6683 | D:6      | Reached XP level 7. HP: 35/46 MP: 8/15
  6686 | D:6      | Killed Blork the orc
  6764 | D:6      | Found a glowing drain.
  6768 | Sewer    | Entered a sewer
  8061 | D:6      | Noticed Grinder
  8526 | D:6      | Noticed Eustachio
  8527 | D:6      | Killed Grinder
  8528 | D:6      | Gained mutation: You are mostly covered in razor-sharp
                  | scales. (AC +2, Slay +2) [demonic ancestry]
  8528 | D:6      | Reached XP level 8. HP: 49/52 MP: 6/17
  8632 | D:6      | Killed Eustachio
  8998 | D:6      | Found a stormy altar of Qazlal.
  8999 | D:6      | Found an iron altar of Okawaru.
  9148 | Temple   | Entered the Ecumenical Temple
  9153 | Temple   | Learned a level 3 spell: Mephitic Cloud
  9225 | D:7      | Noticed Menkaure
  9230 | D:7      | Noticed a gargoyle
  9232 | D:7      | Killed Menkaure
  9286 | D:6      | Killed from afar by a gargoyle

Illustrated notes

Levels and vault maps discovered:
D:1:      shiori_arrival_maze, layout_basic,
          shapermc_ecumenical_altar_mp_ritualfount
D:2:      layout_basic
D:3:      layout_basic, nicolae_uskayaw_murder_on_the_dancefloor,
          kennysheep_nondescript, st_stairs_13
D:4:      layout_gridville, temple_hall
D:5:      layout_gridville, serial_shops, shop_statue
D:6:      layout_cave_pools, grunt_dithmenos_smoke, minitemple,
          gup_sewer_entry_bowl, uniq_grinder, uniq_eustachio, uniq_blork_the_orc
D:7:      layout_loops_ring, gammafunk_ghost_wrathful_warriors,
          minmay_misc_feat_ornament, hangedman_decor_points,
          due_unseen_surprise, uniq_menkaure
Temple:   nicolae_temple_no_exploring_needed

Skill      XL: |  1  2  3  4  5  6  7  8 |
---------------+-------------------------+-----
Air Magic      | 3 4 5 6 7 |  7.3
Spellcasting   | 3 4 5 6 7 |  7.0
Dodging        | |  1.8
Stealth        | |  1.8
Conjurations   | |  1.0

Action                   |  1- 3 |  4- 6 |  7- 9 || total
-------------------------+-------+-------+-------++-------
Melee: Mace              |    23 |       |       ||    23
       Short sword       |    28 |    20 |       ||    48
       Rapier            |       |     2 |    32 ||    34
 Cast: Shock             |    73 |    95 |    53 ||   221
       Static Discharge  |     3 |     5 |    28 ||    36
       Airstrike         |       |       |     2 ||     2
Evoke: Wand              |       |     5 |       ||     5
  Use: Scroll            |       |     5 |     3 ||     8
       Potion            |       |       |     4 ||     4
 Stab: Sleeping          |     2 |       |       ||     2
Armor: Robe              |    15 |    10 |    25 ||    50
Dodge: Dodged            |    51 |    30 |    30 ||   111
Block: Buckler           |       |     2 |     8 ||    10

Table legend: (Time is in decaauts)
 A = Elapsed time spent in this place.
 B = Non-inter-level travel time spent in this place.
 C = Inter-level travel time spent in this place.
 D = Time resting spent in this place.
 E = Time spent auto-exploring this place.
 F = Levels seen in this place.
 G = Mean time per level.
                   A        B        C        D        E       F      G
               +--------+--------+--------+--------+--------+-----+--------+
         Total |   9466 |   9099 |    367 |   2394 |   5524 |   9 | 1051.8 |
       Dungeon |   8091 |   7724 |    367 |   1957 |   4911 |   7 | 1155.9 |
        Temple |     13 |     13 |      0 |      0 |      0 |   1 |   13.0 |
         Sewer |   1361 |   1361 |      0 |    437 |    612 |   1 | 1361.0 |
               +--------+--------+--------+--------+--------+-----+--------+

Top non-repeatable levels by time:
     D:5: 2022 daAuts
     D:4: 1682 daAuts
     D:1: 1485 daAuts
   Sewer: 1361 daAuts
     D:6: 1020 daAuts
     D:2: 974 daAuts
     D:3: 880 daAuts
     D:7: 25 daAuts
  Temple: 13 daAuts
